 Dungeon Crawl Stone Soup version 0.29-a0-643-ga013cefcf8 (webtiles) character file.

Game seed: 3898613546144255346

1761 wingedge the Reanimator (level 8, -1/56 HPs)
             Began as a Demonspawn Necromancer on June 20, 2022.
             Was an Initiate of Vehumet.
             Slain by a gnoll sergeant
             ... wielding a +4 vorpal spear
              (2 damage)
             ... on level 6 of the Dungeon.
             The game lasted 00:39:38 (6340 turns).

wingedge the Reanimator (Demonspawn Necromancer)    Turns: 6340, Time: 00:39:38

Health: -1/56      AC:  8    Str:  9    XL:     8   Next: 79%
Magic:  7/17       EV: 10    Int: 18    God:    Vehumet [......]
Gold:   246        SH:  0    Dex: 14    Spells: 11/19 levels left

rFire   . . .      SeeInvis .   E - +1 dagger (venom)
rCold   . . .      Faith    .   (no shield)
rNeg    . . .      Spirit   .   y - +0 scale mail {Will+}
rPois   .          Reflect  .   (helmet restricted)
rElec   .          Harm     .   q - +0 cloak
rCorr   .          Rampage  .   (no gloves)
Will    +....                   (no boots)
Stlth   +.........              u - amulet of magic regeneration
HPRegen 0.18/turn               (no ring)
MPRegen 0.55/turn               (no ring)

@: no status effects
A: antennae 1, demonic guardian 2, ignite blood 1, sturdy frame 1
a: Renounce Religion


You were on level 6 of the Dungeon.
You worshipped Vehumet.
Vehumet was noncommittal.
You visited 2 branches of the dungeon, and saw 7 of its levels.

You collected 246 gold pieces.

Inventory:

Hand Weapons
 d - a +0 flail
 e - a +0 short sword
 n - a +0 hunting sling
 z - a +3 spear
 A - a +1 antimagic dagger
 E - a +1 dagger of venom (weapon)
Missiles
 m - 4 poisoned darts
 o - 2 atropa-tipped darts (quivered)
Armour
 a - a +0 robe
 j - a +0 ring mail
 k - a +0 leather armour
 q - a +0 cloak (worn)
 y - a +0 scale mail of willpower (worn)
 D - a +3 chain mail
Jewellery
 u - an amulet of magic regeneration (around neck)
 v - an amulet of regeneration
Scrolls
 g - a scroll of brand weapon
 h - a scroll of magic mapping
 p - 2 scrolls of poison {unknown}
 r - a scroll of immolation {unknown}
 t - a scroll of vulnerability {unknown}
 B - 4 scrolls of teleportation
 C - a scroll of enchant weapon {unknown}
 F - a scroll of blinking {unknown}
Potions
 b - 2 potions of magic
 c - a potion of might {unknown}
 f - 4 potions of curing
 i - 2 potions of mutation {unknown}
 l - 2 potions of resistance
 s - 4 potions of haste {unknown}
 w - a potion of heal wounds {unknown}
 x - 2 potions of lignification {unknown}


   Skills:
 - Level 2.0 Fighting
 - Level 2.0 Short Blades
 - Level 2.0 Throwing
 * Level 4.6 Armour
 - Level 2.0 Dodging
 - Level 2.0 Stealth
 * Level 6.1 Spellcasting
 * Level 8.2 Necromancy


You had 11 spell levels left.
You knew the following spells:

 Your Spells              Type           Power      Damage    Failure   Level
a - Necrotize             Necr           100%       1d9       1%          1
b - Vampiric Draining     Necr           35%        2d8       4%          3
c - Animate Dead          Necr           35%        N/A       14%         4

Your spell library contained the following spells:

 Spells                   Type           Power      Damage    Failure   Level
 Agony                    Necr           35%        N/A       36%         5
 Sandblast                Erth           10%        2d5       38%         1
 Slow                     Hex            20%        N/A       38%         1
 Passwall                 Tmut/Erth      4%         N/A       52%         2
 Confusing Touch          Hex            5%         N/A       77%         3
 Stone Arrow              Conj/Erth      10%        3d7       77%         3


Dungeon Overview and Level Annotations

Branches:
Dungeon (6/15)             Temple (1/1) D:5

Altars:
Ashenzari
Dithmenos
Elyvilon
Hepliaklqana
Makhleb
Nemelex Xobeh
Okawaru
Qazlal
Ru
Sif Muna
Trog
Vehumet
Wu Jian
Yredelemnul
Zin

Annotations:
D:4 Grinder
D:6 1 transporter


Innate Abilities, Weirdness & Mutations

You have a pair of small antennae on your head.
A demonic guardian rushes to your aid.
Your demonic aura sometimes causes spilled blood to erupt in flames.
Your movements are slightly less encumbered by armour. (ER -2)


Message History

Aiming: Vampiric Draining (dangerous; 4% risk of failure)
Press: ? - help, Shift-Dir - straight line, f - gnoll
Aim: a gnoll, wielding a +0 whip (moderately wounded, covered in acid, ally target)
You draw life force from the gnoll!
You kill the gnoll!
Vehumet accepts your kill.
You feel life coursing into your body.
Your gnoll shaman skeleton hits the gnoll.
The gnoll sergeant hits you from afar with a +4 vorpal spear.
Your rust devil hits the gnoll!
The gnoll dies!
Vehumet accepts your kill.
Your ogre zombie is engulfed in blazing flames.
The gnoll sergeant hits you but does no damage.
There is a fountain of clear blue water here.
Items here: $ ) = †.
Casting: Vampiric Draining (dangerous; 4% risk of failure)
Confirm with . or Enter, or press ? or * to list all spells.
Aiming: Vampiric Draining (dangerous; 4% risk of failure)
Press: ? - help, Shift-Dir - straight line, f - gnoll sergeant
Aim: a gnoll sergeant, wielding a +4 vorpal spear, wearing a +0 ring mail and wearing a +0 kite shield (ally target)
You draw life force from the gnoll sergeant!
You feel life coursing into your body.
The gnoll sergeant hits you with a +4 vorpal spear!
* * * LOW HITPOINT WARNING * * *
x2 Your gnoll shaman skeleton hits the gnoll sergeant but does no damage.
Your ogre zombie hits the gnoll sergeant.
Casting: Vampiric Draining (dangerous; 4% risk of failure)
Confirm with . or Enter, or press ? or * to list all spells.
Aiming: Vampiric Draining (dangerous; 4% risk of failure)
Press: ? - help, Shift-Dir - straight line, f/p - gnoll sergeant
Aim: a gnoll sergeant, wielding a +4 vorpal spear, wearing a +0 ring mail and wearing a +0 kite shield (heavily wounded, not watching you, ally target)
You draw life force from the gnoll sergeant!
You feel life coursing into your body.
You are engulfed in a cloud of scalding steam.
* * * LOW HITPOINT WARNING * * *
A demonic guardian appears!
The gnoll sergeant hits you with a +4 vorpal spear!
* * * LOW HITPOINT WARNING * * *
You die...

##..>..≈≈≈≈≈≈≈≈≈≈≈≈≈≈≈≈≈.##
.....#.≈≈≈≈≈≈≈≈≈≈≈≈≈≈≈≈≈..#
.......≈≈####.....####≈≈..#
..##...≈≈#..#8###8#..#≈≈..#
.....#.≈≈#8.###.###.8#≈≈..#
#..#.#.≈≈#...........#≈≈..#
#.####.≈≈###.##4##.###≈≈..#
..#....≈≈..#.#.Zg#g#..≈≈..#
.......≈≈.##.#⌠Z@#.##.≈≈..#
...#.#(≈≈.#..#.4.#..#.≈≈..#
.####..≈≈.##.##.##.##.≈≈..#
..##...≈≈..#.#...#.#......#
.......≈≈.©#.'.©.'.#©.....#
.......≈≈..#.#8⌠8#.#..........#
.......≈≈.##.#####.##.≈≈.##...#
.......≈≈.#..# ©#.≈≈.# ...#
.......≈≈.##.# #.##.≈≈.# ...#


You could see a gnoll sergeant (ally target), a gnoll, a friendly orange demon
(summoned), a friendly rust devil (summoned), a friendly ogre zombie and a
friendly gnoll shaman skeleton.

Vanquished Creatures
  Edmund (D:4)
  A water moccasin (D:5)
  A sky beast (D:4)
  2 ogres
  2 centaurs
  A bullfrog (D:6)
  A gnoll shaman (D:6)
  2 orc priests
  Crazy Yiuf (D:4)
  Jessica (D:2)
  5 iguanas
  7 orc wizards
  Robin (D:3)
  9 gnolls
  5 adders
  A shadow imp (D:5)
  An ufetubus (D:5)
  2 worms (D:2)
  2 dart slugs
  11 orcs
  5 bats
  7 endoplasms
  2 giant cockroaches
  11 goblins
  10 hobgoblins
  4 jackals
  4 quokkas
  7 ball pythons
  4 frilled lizards
  9 kobolds
  8 rats
128 creatures vanquished.

Vanquished Creatures (collateral kills)
  An orc warrior (D:6)
  A phantom (D:3)
  A necrophage (D:5)
  A hound (D:4)
  An orc priest (D:4)
  2 adders
  2 gnolls (D:6)
  2 ufetubi
  A dart slug (D:3)
  2 bats
  2 jackals
  2 rats
18 creatures vanquished.

Vanquished Creatures (others)
  An orc zombie (D:6)
  6 plants (D:6)
7 creatures vanquished.

Grand Total: 153 creatures vanquished

Notes
Turn   | Place    | Note
-------+----------+-------------------------------------------
     0 | D:1      | wingedge the Demonspawn Necromancer began the quest for the
                  | Orb.
     0 | D:1      | Reached XP level 1. HP: 13/13 MP: 3/3
   188 | D:1      | Gained mutation: A weak demonic guardian rushes to your
                  | aid. [demonic ancestry]
   188 | D:1      | Reached XP level 2. HP: 19/20 MP: 5/5
   280 | D:1      | Found a faded altar of an unknown god.
   870 | D:1      | Gained mutation: A demonic guardian rushes to your aid.
                  | [demonic ancestry]
   870 | D:1      | Reached XP level 3. HP: 25/25 MP: 4/6
  1336 | D:2      | Reached skill level 1 in Fighting
  1501 | D:2      | Noticed Jessica
  1510 | D:2      | Killed Jessica
  1511 | D:2      | Reached skill level 5 in Necromancy
  1511 | D:2      | Gained mutation: Your demonic aura sometimes causes spilled
                  | blood to erupt in flames. [demonic ancestry]
  1511 | D:2      | Reached XP level 4. HP: 32/32 MP: 1/8
  1728 | D:2      | Reached skill level 1 in Short Blades
  2291 | D:2      | Learned a level 3 spell: Vampiric Draining
  2379 | D:3      | Reached XP level 5. HP: 30/37 MP: 5/9
  2638 | D:3      | Noticed Robin
  2831 | D:3      | Killed Robin
  2962 | D:3      | Reached skill level 1 in Throwing
  3022 | D:3      | Found a broken altar of Ashenzari.
  3022 | D:3      | Found a stormy altar of Qazlal.
  3293 | D:4      | Noticed Edmund
  3306 | D:4      | Killed Edmund
  3307 | D:4      | Gained mutation: You have a pair of small antennae on your
                  | head. [demonic ancestry]
  3307 | D:4      | Reached XP level 6. HP: 28/44 MP: 2/11
  3324 | D:4      | Noticed a sky beast
  3522 | D:4      | Reached skill level 1 in Armour
  3522 | D:4      | Reached skill level 6 in Necromancy
  3638 | D:4      | Noticed a sky beast
  3654 | D:4      | Killed a sky beast
  3655 | D:4      | Reached XP level 7. HP: 50/50 MP: 5/13
  4154 | D:4      | Learned a level 4 spell: Animate Dead
  4416 | D:4      | Found a runed translucent door.
  4417 | D:4      | Noticed Crazy Yiuf
  4425 | D:4      | Killed Crazy Yiuf
  4627 | D:4      | Noticed Grinder
  4631 | D:4      | Paralysed by Grinder for 3 turns
  4668 | D:5      | Entered Level 5 of the Dungeon
  4676 | D:5      | Reached skill level 5 in Spellcasting
  4676 | D:5      | Reached skill level 7 in Necromancy
  4678 | D:5      | Gained mutation: Your movements are slightly less
                  | encumbered by armour. (ER -2) [demonic ancestry]
  4678 | D:5      | Reached XP level 8. HP: 46/56 MP: 6/15
  4906 | D:5      | Found a staircase to the Ecumenical Temple.
  4915 | Temple   | Entered the Ecumenical Temple
  5139 | Temple   | Became a worshipper of Vehumet
  6065 | D:6      | Reached skill level 8 in Necromancy
  6140 | D:6      | Identified the +8 trident "Beducorph" {vamp, rElec rPois
                  | Int-4 SInv}
  6140 | D:6      | Identified the +2 kite shield "Kucyi" {Dex+2 Slay+3}
  6310 | D:6      | Found a transporter.
  6316 | D:6      | Found a transporter.
  6328 | D:6      | Identified the ring of Oxaxtob {Fire rElec Dex+8 Stlth-}
  6340 | D:6      | HP: 1/56 [gnoll sergeant/+4 vorpal spear (8)]
  6340 | D:6      | Slain by a gnoll sergeant

Illustrated notes

Levels and vault maps discovered:
D:1:      spicycebolla_arrival_transporter_tutorial, layout_loops_corners,
          shapermc_ecumenical_altar_mp_urbaneastern,
          chequers_serial_rivers_small_a
D:2:      layout_rooms, kennysheep_jessica_study, uniq_jessica
D:3:      layout_loops_ring, gammafunk_temple_overflow_statue,
          grunt_ministairs_6, nrook_campfire, uniq_robin
D:4:      minmay_clustersquares, layout_cave_pods, grunt_decor_junction,
          chequers_garden, lightli_corner_chamber, uniq_edmund,
          uniq_crazy_yiuf_cottage, uniq_grinder
D:5:      layout_basic, minmay_temple_entry_slanted
D:6:      layout_cave_pools, gammafunk_ghost_gnarly_gnolls, uniq_prince_ribbit1
Temple:   dshaligram_water_room_temple

Skill      XL: |  1  2  3  4  5  6  7  8 |
---------------+-------------------------+-----
Dodging        | 2 |  2.0
Stealth        | 2 |  2.0
Fighting       | 1 2 |  2.0
Necromancy     | 5 6 7 8 |  8.2
Short Blades   | 1 2 |  2.0
Spellcasting   | 3 4 5 6 |  6.1
Throwing       | 1 2 |  2.0
Armour         | 1 3 4 |  4.6

Action                   |  1- 3 |  4- 6 |  7- 9 || total
-------------------------+-------+-------+-------++-------
Melee: Short sword       |    22 |    20 |    35 ||    77
       Dagger            |       |       |     2 ||     2
       Punch             |       |       |     1 ||     1
Throw: Dart              |     4 |    15 |     6 ||    25
 Cast: Necrotize         |    39 |   118 |    72 ||   229
       Vampiric Draining |       |    14 |    34 ||    48
       Animate Dead      |       |       |     2 ||     2
  Use: Scroll            |       |     4 |     3 ||     7
       Potion            |       |     2 |       ||     2
 Stab: Sleeping          |     2 |     1 |       ||     3
Armor: Robe              |     3 |    12 |     5 ||    20
       Leather armour    |     4 |     5 |       ||     9
       Ring mail         |       |       |     6 ||     6
       Scale mail        |       |       |    12 ||    12
Dodge: Dodged            |    15 |    37 |    57 ||   109

Table legend: (Time is in decaauts)
 A = Elapsed time spent in this place.
 B = Non-inter-level travel time spent in this place.
 C = Inter-level travel time spent in this place.
 D = Time resting spent in this place.
 E = Time spent auto-exploring this place.
 F = Levels seen in this place.
 G = Mean time per level.
                   A        B        C        D        E       F      G
               +--------+--------+--------+--------+--------+-----+--------+
         Total |   6347 |   6111 |    236 |   1089 |   3209 |   7 |  906.7 |
       Dungeon |   6103 |   5891 |    212 |   1089 |   3109 |   6 | 1017.2 |
        Temple |    244 |    220 |     24 |      0 |    100 |   1 |  244.0 |
               +--------+--------+--------+--------+--------+-----+--------+

Top non-repeatable levels by time:
     D:3: 1305 daAuts
     D:1: 1256 daAuts
     D:5: 1111 daAuts
     D:2: 1093 daAuts
     D:4: 1019 daAuts
     D:6: 317 daAuts
  Temple: 244 daAuts
